 Dungeon Crawl Stone Soup version 0.27.1-4-g1640c2035a (webtiles) character file.

Game seed: 373297578877993804

1254 oldmanjim the Changer (level 8, -3/52 HPs)
             Began as an Octopode Transmuter on Nov 8, 2021.
             Splashed by an acid dragon's acid (7 damage)
             ... on level 6 of the Dungeon on Nov 9, 2021.
             The game lasted 00:57:56 (10766 turns).

oldmanjim the Changer (Octopode Transmuter)        Turns: 10766, Time: 00:57:59

Health: -3/52      AC: -3    Str:  9    XL:     8   Next: 51%
Magic:  21/21      EV: 15    Int: 17    God:
Gold:   1310       SH:  0    Dex: 19    Spells: 9/13 levels left

rFire    . . .     SeeInvis .     - Unarmed
rCold    . . .     Faith    .   (no shield)
rNeg     . . .     Spirit   .   (helmet currently unavailable)
rPois    .         Reflect  .   y - amulet of magic regeneration
rElec    .         Harm     .   n - +4 ring of protection
rCorr    .         Rampage  .   C - ring of magical power
Will     .....                  c - +6 ring of dexterity
Stlth    ++++......             (no ring)
HPRegen  0.17/turn              (no ring)
MPRegen  0.42/turn              (no ring)
                                (no ring)
                                (no ring)

@: appendages, corroded
A: tentacle spike 3, almost no armour, amphibious, 8 rings, camouflage 1,
gelatinous body 1, (nimble swimmer 1), tentacles
a: End Transformation


You were on level 6 of the Dungeon.
One of your tentacles had grown a beastly spike.
You visited 2 branches of the dungeon, and saw 7 of its levels.

You collected 1310 gold pieces.

Inventory:

Hand Weapons
 a - the +1 dagger of Valour {vorpal, rPois Int+2}
   (You found it on level 4 of the Dungeon)

   It inflicts extra damage upon your enemies.
   Int:       It affects your intelligence (+2).
   rPois:     It protects you from poison.
Missiles
 f - 44 bolts
 g - 117 stones
 i - 3 curare-tipped darts
 j - 3 atropa-tipped darts
 k - 33 poisoned darts
 l - 57 arrows
 p - 8 boomerangs (quivered)
 w - 7 silver javelins
Jewellery
 c - a +6 ring of dexterity (on tentacle)
 n - a +4 ring of protection (left tentacle)
 y - an amulet of magic regeneration (around mantle)
 C - a ring of magical power (right tentacle)
Wands
 m - a wand of iceblast (8)
Scrolls
 h - 2 scrolls of teleportation
 A - a scroll of fog
Potions
 b - 2 potions of lignification
 d - 4 potions of curing
 o - a potion of invisibility
 r - a potion of cancellation
 v - a potion of attraction {unknown}
 x - a potion of haste
 B - a potion of flight {unknown}


   Skills:
 - Level 3.0 Fighting
 + Level 4.1 Dodging
 - Level 5.0 Stealth
 - Level 5.0 Unarmed Combat
 - Level 3.0 Spellcasting
 - Level 6.1 Transmutations
 - Level 3.0 Poison Magic


You had 9 spell levels left.
You knew the following spells:

 Your Spells              Type           Power      Damage    Failure   Level
a - Beastly Appendage     Tmut           46%        N/A       1%          1
b - Spider Form           Tmut/Pois      9%         N/A       9%          3

Your spell library contained the following spells:

 Spells                   Type           Power      Damage    Failure   Level
 Wereblood                Tmut           23%        N/A       2%          2
 Animate Skeleton         Necr           4%         N/A       17%         1
 Pain                     Necr           8%         1d4       17%         1
 Static Discharge         Conj/Air       2%         N/A       26%         2
 Vampiric Draining        Necr           1%         2d6       45%         3
 Ice Form                 Ice/Tmut       12%        N/A       45%         4
 Lightning Bolt           Conj/Air       1%         1d12      99%         5
 Maxwell's Capacitive Co  Air            1%         ∞         100%        8


Dungeon Overview and Level Annotations

Branches:
Dungeon (6/15)             Temple (1/1) D:4

Altars:
Ashenzari
Cheibriados
Dithmenos
Fedhas
Hepliaklqana
Kikubaaqudgha
Makhleb
Nemelex Xobeh
Okawaru
Qazlal
Sif Muna
Vehumet
Wu Jian
Xom
Yredelemnul
The Shining One

Annotations:
D:3 1 runed translucent door, exclusion: door, Crazy Yiuf
D:4 Edmund, Menkaure


Innate Abilities, Weirdness & Mutations

One of your tentacles has grown a beastly spike.
You cannot wear most types of armour.
You are amphibious.
You can wear up to eight rings at the same time.
Your skin changes colour to match your surroundings (Stealth+).
Your rubbery body absorbs attacks. (AC +1, EV +1)
((You are camouflaged near water. (Stealth+)))
You have tentacles for arms and can constrict up to eight enemies at once.


Message History

Found 9 gold pieces.
Found 17 gold pieces.
You now have 1301 gold pieces (gained 17).
You now have 1310 gold pieces (gained 9).
Found a dagger.
You see here a +0 dagger.
Things that are here:
a +0 short sword; a +0 ring mail You see here a +0 flail.
You open the door.
There is an open door here.
A centaur comes into view.
There is an open door here.
You see here a +0 flail.
Things that are here:
a +0 short sword; a +0 ring mail An acid dragon comes into view.
You see here a +0 club.
You see here a +0 club.
You see here a +0 club.
Press: ? - help, v - describe, . - travel The floor.
Throw: 8 boomerangs
Press: ? - help, Q - select action, (/) - cycle Shift-Dir - straight line, f - acid dragon
Aim: an acid dragon (wandering, hasn't noticed you, 62% to hit)
You throw a boomerang.
The boomerang hits the acid dragon but does no damage.
Casting: Beastly Appendage (safe; 1% risk of failure)
Confirm with . or Enter, or press ? or * to list all spells.
One of your tentacles grows a vicious spike.
The acid dragon spits acid at you. The splash of acid hits you!
The acid corrodes you!
You are splashed with acid!!
You closely miss the acid dragon.
Your tentacle spike misses the acid dragon.
The acid dragon spits acid at you. The splash of acid hits you!
* * * LOW HITPOINT WARNING * * *
The acid corrodes you!
You are splashed with acid!
You die...

#..## # #.. #...## ##...
#.. ##...##. ##. ....###.
###. ...###..#####... #
##..............#.
###.####.D...........###.
........@# ####...####.
.###...## #.....### ###.#
#........ #.## ##.##.....
###..## #..#.<...#
.##.....## ##......###
#........####..<...##
#.....###.........##
#......# ##.......##


You could see an acid dragon (catching breath).

Vanquished Creatures
  A water moccasin (D:6)
  An ogre (D:5)
  2 bullfrogs (D:6)
  A scorpion (Temple)
  A wyvern skeleton (D:5)
  A water moccasin skeleton (D:6)
  A howler monkey (D:5)
  A centaur zombie (D:5)
  A hound (D:3)
  2 jellies (D:4)
  4 orc priests
  3 bullfrog skeletons
  4 iguanas
  Ijyb (D:3)
  2 orc wizards
  Robin (D:3)
  9 adders
  A howler monkey skeleton (D:5)
  3 worms
  3 dart slugs
  18 orcs
  7 endoplasms
  4 giant cockroaches
  13 goblins
  11 hobgoblins
  4 kobolds
  8 quokkas
  3 ball pythons
  8 bats
  4 frilled lizards
  A quokka skeleton (D:4)
  7 rats
131 creatures vanquished.

Notes
Turn   | Place    | Note
-------+----------+-------------------------------------------
     0 | D:1      | oldmanjim the Octopode Transmuter began the quest for the
                  | Orb.
     0 | D:1      | Reached XP level 1. HP: 13/13 MP: 3/3
   286 | D:1      | Reached skill level 1 in Stealth
   289 | D:1      | Reached XP level 2. HP: 10/18 MP: 5/5
  1030 | D:1      | Reached XP level 3. HP: 20/23 MP: 6/6
  1247 | D:1      | Found a faded altar of an unknown god.
  1885 | D:2      | Reached XP level 4. HP: 25/28 MP: 7/7
  2046 | D:2      | Reached skill level 3 in Transmutations
  2151 | D:2      | Learned a level 3 spell: Spider Form
  3662 | D:3      | Reached skill level 1 in Poison Magic
  3662 | D:3      | Reached XP level 5. HP: 19/33 MP: 8/8
  4136 | D:3      | Noticed Ijyb
  4144 | D:3      | Killed Ijyb
  4727 | D:3      | Found a runed translucent door.
  4728 | D:3      | Noticed Crazy Yiuf
  4922 | D:4      | Found a staircase to the Ecumenical Temple.
  4939 | Temple   | Entered the Ecumenical Temple
  4949 | Temple   | Reached skill level 5 in Stealth
  4949 | Temple   | Reached XP level 6. HP: 10/38 MP: 9/9
  5403 | D:4      | Noticed Robin
  6127 | D:3      | Killed Robin
  6547 | D:4      | Noticed Menkaure
  6964 | D:4      | Reached skill level 4 in Transmutations
  6964 | D:4      | Reached XP level 7. HP: 5/45 MP: 9/11
  7336 | D:4      | Identified the +1 dagger of Valour {vorpal, rPois Int+2}
  7704 | D:4      | Noticed Edmund
  7853 | D:5      | Entered Level 5 of the Dungeon
  8626 | D:5      | Reached skill level 5 in Transmutations
  9285 | D:5      | Reached skill level 6 in Transmutations
  9285 | D:5      | Reached XP level 8. HP: 32/52 MP: 12/12
  9640 | D:6      | Identified a scroll of acquirement
  9640 | D:6      | Acquired 1060 gold pieces
 10217 | D:6      | Reached skill level 5 in Unarmed Combat
 10766 | D:6      | Splashed by an acid dragon's acid

Illustrated notes

Levels and vault maps discovered:
D:1:      nicolae_arrival_memento_mori, layout_rooms,
          ebering_ecumenical_altar_sacrificial
D:2:      layout_basic
D:3:      layout_basic, chequers_avenue, uniq_crazy_yiuf_cottage, uniq_ijyb
D:4:      layout_basic, minmay_temple_entry_statues, serial_rivers,
          chequers_serial_rivers_micro_b, chequers_serial_rivers_micro_c,
          chequers_serial_rivers_micro_b, chequers_serial_rivers_micro_e,
          chequers_serial_rivers_small_3, chequers_serial_rivers_small_b,
          uniq_edmund, uniq_menkaure, uniq_robin
D:5:      layout_basic
D:6:      minmay_razor_zed, layout_layer_cave, minmay_strange_pillars,
          chequers_hall_statues_wall_a
Temple:   nicolae_temple_elliptical

Skill      XL: |  1  2  3  4  5  6  7  8 |
---------------+-------------------------+-----
Stealth        | 1 2 3 5 |  5.0
Transmutations | 3 4 6 |  6.1
Unarmed Combat | 4 5 |  5.0
Poison Magic   | 1 3 |  3.0
Fighting       | 2 3 |  3.0
Spellcasting   | 3 |  3.0
Dodging        | 4 |  4.1

Action                   |  1- 3 |  4- 6 |  7- 9 || total
-------------------------+-------+-------+-------++-------
Melee: Unarmed           |    90 |   173 |   124 ||   387
       Constrict         |    19 |    46 |    24 ||    89
       Kick              |     9 |    44 |    40 ||    93
       Tentacles         |    12 |    28 |    22 ||    62
       Punch             |       |     6 |     4 ||    10
       Dagger            |       |       |     3 ||     3
Throw: Stone             |       |    36 |     6 ||    42
       Dart              |       |     1 |     2 ||     3
       Boomerang         |       |       |    13 ||    13
 Cast: Beastly Appendage |    13 |    39 |    19 ||    71
  Use: Potion            |       |     2 |       ||     2
       Scroll            |       |       |    13 ||    13
 Stab: Sleeping          |     7 |     6 |     4 ||    17
       Invisible         |       |       |     1 ||     1
Armor: Skin              |    10 |    34 |    20 ||    64
Dodge: Dodged            |    49 |   116 |    74 ||   239
